 Dungeon Crawl Stone Soup version 0.27-a0-1200-g94dc6ad4cf (webtiles) character file.

Game seed: 8055671380468442892

932 lightspider the Skirmisher (level 8, -3/71 HPs)
             Began as a Hill Orc Fighter on June 2, 2021.
             Was a Believer of Beogh (penitent).
             Slain by Brandogh the orc warlord
             ... wielding a +0 long sword
             ... created by the wrath of Beogh
              (15 damage)
             ... on level 5 of the Dungeon.
             The game lasted 00:19:31 (5231 turns).

lightspider the Skirmisher (Hill Orc Fighter)       Turns: 5231, Time: 00:19:33

Health: -3/71      AC: 15    Str: 20 (21) XL:     8   Next: 11%
Magic:  8/8        EV:  6    Int:  6 (8)  God:    Beogh [*]
Gold:   1108       SH: 10    Dex: 10 (12) Spells: 7/7 levels left

rFire    + . .     SeeInvis .   a - +1 long sword
rCold    + . .     Faith    .   c - +0 kite shield
rNeg     . . .     Spirit   .   p - +0 chain mail
rPois    +         Reflect  .   (no helmet)
rElec    +         Harm     .   (no cloak)
rCorr    +         Rampage  .   h - +2 pair of gloves
Will     +....                  (no boots)
Stlth    ..........             (no amulet)
HPRegen  0.21/turn              (no ring)
MPRegen  0.11/turn              (no ring)

@: resistant, on berserk cooldown, flying, slowed, very slow
A: iridescent scales 1, agile 1, strong-willed 1
a: Renounce Religion


You were on level 5 of the Dungeon.
You worshipped Beogh.
Beogh was demanding penance.
You visited 1 branch of the dungeon, and saw 5 of its levels.
You also visited: Ossuary.

You collected 1108 gold pieces.

Inventory:

Hand Weapons
 a - a +1 long sword (weapon)
 B - a +2 mace of protection
Missiles
 D - a throwing net (quivered)
Armour
 b - a +0 scale mail
 c - a +0 kite shield (worn)
 h - a +2 pair of gloves (worn)
 p - a +0 chain mail (worn)
Scrolls
 i - 2 scrolls of enchant weapon
 j - 2 scrolls of enchant armour
Potions
 f - a potion of invisibility
 m - 2 potions of magic
 q - 2 potions of brilliance
 x - a potion of flight


   Skills:
 + Level 6.5 Fighting
 + Level 5.3 Long Blades
 + Level 5.9 Armour
 + Level 5.9 Shields


You had 7 spell levels left.
You didn't know any spells.
Your spell library was empty.

Dungeon Overview and Level Annotations

Branches:
Dungeon (5/15)             Temple (0/1) D:4         Ossuary (visited)

Altars:
Kikubaaqudgha
Makhleb
The Shining One


Innate Abilities, Weirdness & Mutations

You are partially covered in iridescent scales. (AC +2)
You are agile. (Dex +2)
You are strong-willed. (Will+)


Message History

The orc laughs, "You, our saviour!?"
You block Brandogh's attack.
You slash Brandogh!
Brandogh is moderately wounded.
You are no longer berserk.
You are exhausted.
You feel yourself slow down.
The orc no longer looks unusually strong.
Brandogh roars a battlecry!
The orcs go into a battle-frenzy!
It was a potion of flight.
You feel very buoyant.
You fly up into the air.
The orc no longer looks unusually strong.
You block Brandogh's attack.
It was a potion of degeneration.
There was something very wrong with that liquid.
You feel weakened.
You feel dopey.
You feel clumsy.
Brandogh roars a battlecry!
The orc goes into a battle-frenzy!
Brandogh closely misses you.
You riposte.
Brandogh blocks your attack.
Brandogh is moderately wounded.
It was a potion of resistance.
You feel protected. Brandogh barely misses you.
Okay, then.
Hit: a) +1 long sword
Press: ? - help, Dir - move target, f/p - Brandogh
Aim: Brandogh the orc warlord, wielding a +0 long sword, wearing a +0 chain mail and wearing a +2 kite shield (moderately wounded, durably summoned, about 29% to evade your +1 long sword) Brandogh blocks your attack.
Brandogh is moderately wounded.
You block Brandogh's attack. Brandogh hits you with a +0 long sword.
* * * LOW HITPOINT WARNING * * *
Aiming: Charm
Press: ? - help, Shift-Dir - straight line, f/p - Brandogh
Aim: Brandogh the orc warlord, wielding a +0 long sword, wearing a +0 chain mail and wearing a +2 kite shield (moderately wounded, durably summoned, chance to affect: 15%) Brandogh resists with almost no effort.
The now-empty wand crumbles to dust.
Brandogh hits you with a +0 long sword!
You die...
Beogh appreciates Brandogh's killing of a heretic priest.

### #.# #.#
#########.#######
#.........#.....#
#######.#######.#.###.#
#......oToohho@.#)##..#
#.#####o######..#.....#
#.# #.....#..# #########h#
#..#.#...#
.......o#o######.......##
####4.ooooo...###.....####
#......4.oO...# #.#......#
#.#...........# #....###.#
#.#...........# ####.# #.#


You could see Brandogh the orc warlord, a troll, 2 wargs, 2 orc warriors and 2
orcs.

Vanquished Creatures
  3 dancing weapons (D:5)
  A steam dragon (D:4)
  A warg (D:5)
  A water moccasin (D:4)
  A black bear (D:4)
  An ogre (D:5)
  Blork the orc (D:5)
  A bullfrog (D:4)
  2 hounds (D:4)
  A quasit (D:5)
  2 hound skeletons (D:4)
  13 mummies (Ossuary)
  A shadow imp (D:5)
  3 ufetubi
  4 worms
  A dart slug (D:1)
  3 orcs
  6 endoplasms
  5 giant cockroaches
  4 goblins
  3 hobgoblins
  12 jackals
  4 quokkas
  5 ball pythons
  3 bats
  A frilled lizard (D:1)
  A gnoll skeleton (Ossuary)
  3 goblin skeletons (Ossuary)
  A hobgoblin zombie (D:5)
  2 kobolds (D:2)
  3 kobold skeletons
  2 kobold zombies (D:5)
  5 orc skeletons
  2 orc zombies (D:5)
  3 rats
  11 rat skeletons (Ossuary)
116 creatures vanquished.

Vanquished Creatures (others)
  An orc (D:3)
  3 plants (D:2)
4 creatures vanquished.

Grand Total: 120 creatures vanquished

Notes
Turn   | Place    | Note
-------+----------+-------------------------------------------
     0 | D:1      | lightspider the Hill Orc Fighter began the quest for the
                  | Orb.
     0 | D:1      | Reached XP level 1. HP: 19/19 MP: 1/1
    80 | D:1      | Reached XP level 2. HP: 26/27 MP: 2/2
   466 | D:1      | Reached skill level 4 in Fighting
   816 | D:2      | Reached XP level 3. HP: 33/33 MP: 3/3
  1720 | D:3      | Found an ancient bone altar of Kikubaaqudgha.
  1919 | D:3      | Became a worshipper of Beogh the Brigand
  2006 | D:3      | Reached XP level 4. HP: 37/40 MP: 4/4
  2498 | D:4      | Noticed a bullfrog
  2504 | D:4      | Killed a bullfrog
  2505 | D:4      | Reached XP level 5. HP: 46/47 MP: 5/5
  2540 | D:4      | Noticed a water moccasin
  2563 | D:4      | Killed a water moccasin
  2564 | D:4      | Reached skill level 5 in Fighting
  2564 | D:4      | Reached XP level 6. HP: 20/56 MP: 6/6
  2679 | D:4      | Noticed a black bear
  2686 | D:4      | Found a sand-covered staircase.
  2731 | D:4      | Killed a black bear
  2765 | D:4      | Found a staircase to the Ecumenical Temple.
  2826 | Ossuary  | Entered an ossuary
  2880 | Ossuary  | Reached * piety under Beogh
  2908 | Ossuary  | Reached skill level 5 in Shields
  3096 | Ossuary  | Reached skill level 5 in Armour
  3133 | Ossuary  | Reached XP level 7. HP: 61/61 MP: 7/7
  3293 | Ossuary  | Reached ** piety under Beogh
  3953 | D:4      | Found a burning altar of Makhleb.
  4144 | D:4      | Noticed a steam dragon
  4156 | D:4      | Killed a steam dragon
  4157 | D:4      | Reached skill level 6 in Fighting
  4545 | D:5      | Entered Level 5 of the Dungeon
  4600 | D:4      | Identified a scroll of acquirement
  4600 | D:4      | Acquired 944 gold pieces
  4620 | D:5      | Found a glowing golden altar of the Shining One.
  4642 | D:5      | Reached skill level 5 in Long Blades
  4682 | D:5      | Reached XP level 8. HP: 51/71 MP: 4/8
  4876 | D:5      | Noticed Blork the orc
  4880 | D:5      | Was placed under penance by Beogh
  4884 | D:5      | Killed Blork the orc
  5008 | D:5      | Noticed a +1 spear of electrocution
  5008 | D:5      | Noticed a +1 hand axe of electrocution
  5009 | D:5      | Killed a +1 spear of electrocution
  5013 | D:5      | Killed a +1 hand axe of electrocution
  5044 | D:5      | Noticed a +0 flail of electrocution
  5056 | D:5      | Killed a +0 flail of electrocution
  5173 | D:5      | Noticed Brandogh
  5173 | D:5      | Noticed an orc sorcerer
  5174 | D:5      | Noticed a troll
  5179 | D:5      | Noticed a hellwing
  5204 | D:5      | Gained mutation: You are strong-willed. (Will+) [potion of
                  | mutation]
  5204 | D:5      | Gained mutation: You are agile. (Dex +2) [potion of
                  | mutation]
  5204 | D:5      | Gained mutation: You are partially covered in iridescent
                  | scales. (AC +2) [potion of mutation]
  5231 | D:5      | Slain by Brandogh the orc warlord

Illustrated notes

Levels and vault maps discovered:
D:1:      wander_arrival_peaceful_grave, layout_basic, hangedman_glass_garden
D:2:      cheibrodos_old_hovel, layout_loops_ring
D:3:      layout_rooms, nicolae_overflow_hidden_temple, amcnicky_altar_gilded,
          kennysheep_generic_room_10
D:4:      layout_loops_ring, makhleb_heckhound_becter,
          minmay_temple_entry_butterflies,
          nicolae_ossuary_entry_false_entrances, nrook_loot_triangle,
          grunt_decor_clamped
D:5:      layout_basic, nicolae_tso_besieged_by_evil, uniq_blork_the_orc

Skill      XL: |  1  2  3  4  5  6  7 |
---------------+----------------------+-----
Fighting       | 4 5 6 |  6.5
Long Blades    | 3 4 5 |  5.3
Shields        | 4 5 |  5.9
Armour         | 4 5 |  5.9

Action                   |  1- 3 |  4- 6 |  7- 9 || total
-------------------------+-------+-------+-------++-------
Melee: Long sword        |   116 |   128 |   207 ||   451
Invok: Convert to Beogh  |     1 |       |       ||     1
       Smiting           |       |       |     2 ||     2
Evoke: Wand              |       |       |     5 ||     5
  Use: Scroll            |     8 |     1 |     7 ||    16
       Potion            |       |     1 |    12 ||    13
 Stab: Betrayed ally     |       |       |     1 ||     1
Armor: Scale mail        |    48 |    24 |       ||    72
       Chain mail        |       |    40 |   116 ||   156
Dodge: Dodged            |    40 |    32 |    51 ||   123
Block: Kite shield       |    69 |    61 |   118 ||   248
       Rpst.: Long sword |    14 |    12 |    13 ||    39

Table legend: (Time is in decaauts)
 A = Elapsed time spent in this place.
 B = Non-inter-level travel time spent in this place.
 C = Inter-level travel time spent in this place.
 D = Time resting spent in this place.
 E = Time spent auto-exploring this place.
 F = Levels seen in this place.
 G = Mean time per level.
                   A        B        C        D        E       F      G
               +--------+--------+--------+--------+--------+-----+--------+
         Total |   5414 |   5157 |    257 |   1000 |   2644 |   6 |  902.3 |
       Dungeon |   4396 |   4139 |    257 |    420 |   2623 |   5 |  879.2 |
       Ossuary |   1018 |   1018 |      0 |    580 |     21 |   1 | 1018.0 |
               +--------+--------+--------+--------+--------+-----+--------+

Top non-repeatable levels by time:
     D:4: 1299 daAuts
 Ossuary: 1018 daAuts
     D:2: 912 daAuts
     D:1: 825 daAuts
     D:3: 692 daAuts
     D:5: 666 daAuts
